 Dungeon Crawl Stone Soup version 0.31.0-1-g2c135a0 (webtiles) character file.

Game seed: 36517215309552695

13 edsrzf the Vexing (level 2, -1/28 HPs)
             Began as an Oni Hexslinger on Jan 20, 2024.
             Slain by a kobold
             ... wielding a +0 club
              (2 damage)
             ... on level 2 of the Dungeon.
             The game lasted 00:02:16 (696 turns).

edsrzf the Vexing (Oni Hexslinger)                   Turns: 696, Time: 00:02:16

Health: -1/28      AC:  3    Str:  9 (11) XL:     2   Next: 37%
Magic:  3/3        EV: 10    Int: 12 (14) God:
Gold:   78         SH:  0    Dex:  9 (11) Spells: 3/3 levels left

rFire   . . .        a - +0 club
rCold   . . .        (no shield)
rNeg    . . .        c - +0 robe
rPois   .            (helmet restricted)
rElec   .            (no cloak)
rCorr   .            (gloves unavailable)
SInv    .            (boots unavailable)
Will    +....        (no amulet)
Stlth   +            (no ring)
HPRegen 0.24/turn    (no ring)
MPRegen 0.08/turn

%: no passive effects
@: lethally poisoned (-1 -> -3), enlightened, flying
A: large, unfitting armour, horns 1, tough skin 1, double potion healing,
drunken brawling
a: no special abilities


You were on level 2 of the Dungeon.
You visited 1 branch of the dungeon, and saw 2 of its levels.

You collected 78 gold pieces.

Inventory:

Hand Weapons
 a - a +0 club (weapon)
 b - a +1 sling
Missiles
 h - 7 poisoned darts
Armour
 c - a +0 robe (worn)
Scrolls
 f - a scroll of identify {unknown}
 i - a scroll of poison
 j - a scroll of enchant armour {unknown}
Potions
 e - a potion of enlightenment
 g - a potion of degeneration


   Skills:
 - Level 2.0 Fighting
 + Level 0.6 Maces & Flails
 - Level 1.4 Ranged Weapons
 - Level 2.1 Dodging
 - Level 1.3 Spellcasting
 - Level 2.7 Hexes
 - Level 1.0 Fire Magic


You had 3 spell levels left.
You didn't know any spells.
Your spell library contained the following spells:

 Spells                   Type           Power      Damage    Failure   Level
 Jinxbite                 Hex            14%        N/A       14%         2
 Sigil of Binding         Hex            7%         N/A       28%         3
 Inner Flame              Hex/Fire       5%         N/A       38%         3
 Cause Fear               Hex            3%         N/A       67%         4
 Dimensional Bullseye     Hex/Tloc       2%         N/A       86%         4


Dungeon Overview and Level Annotations

Branches:
Dungeon (2/15)

Altars:


Innate Abilities, Weirdness & Mutations

You are too large for most types of armour.
You have a pair of small horns on your head.
You have tough skin. (AC +1)
You gain doubled healing and magic from potions.
Whenever you drink a healing potion, you attack all around you.


Message History

The kobold shouts!
The sling bullet hits the kobold.
The kobold is heavily wounded.
You shoot a sling bullet. The sling bullet hits the kobold.
You kill the kobold!
You see here a +1 short sword of flaming.
Found 7 stones.
j - a scroll labelled LAOPUIPT KUXON No target in view!
Found 7 stones.
Done exploring.
Done exploring.
You see here 7 stones.
There is a stone staircase leading down here.
You climb downwards.
The endoplasm quivers.
Found an escape hatch in the ceiling.
There is a stone staircase leading up here.
There are monsters nearby!
Autoexplore enabled for D:2
a - a +0 club (weapon)
The endoplasm barely misses you. The dart slug launches a dart at you.
The slug dart hits you.
You climb upwards.
There is a stone staircase leading down here.
The endoplasm attacks as it pursues you!
The endoplasm barely misses you.
You hit the endoplasm.
The endoplasm is heavily wounded.
The endoplasm hits you.
You hit the endoplasm but do no damage.
The endoplasm is moderately wounded.
The endoplasm hits you but does no damage.
You hit the endoplasm.
You kill the endoplasm!
There is a stone staircase leading down here.
There is a stone staircase leading down here.
HP restored.
There is a stone staircase leading down here.
b - a +1 sling (weapon)
You climb downwards.
There is a stone staircase leading up here.
Found a stone staircase leading up.
A kobold comes into view.
It is wielding a +0 club and quivering poisoned darts.
You see here a scroll labelled ZIVY ER GEESM.
You shoot a sling bullet.
The sling bullet hits the kobold but does no damage.
The kobold throws a poisoned dart.
The poisoned dart hits you!
You are poisoned.
You shoot a sling bullet.
The sling bullet closely misses the kobold.
You feel very sick.
You shoot a sling bullet.
The sling bullet barely misses the kobold.
You feel sick.
You shoot a sling bullet.
The sling bullet barely misses the kobold.
You feel sick.
a - a +0 club (weapon)
You feel sick.
You feel sick.
The kobold throws a poisoned dart.
The poisoned dart hits you!
You are more poisoned.
An endoplasm comes into view.
You feel very sick. The kobold closely misses you.
You closely miss the kobold.
You feel very sick. The kobold closely misses you.
The kobold hits you with a +0 club.
You miss the kobold.
* * * LOW HITPOINT WARNING * * *
You feel sick. The kobold hits you but does no damage.
You hit the kobold but do no damage.
* * * LOW HITPOINT WARNING * * *
You feel sick. The kobold hits you with a +0 club.
* * * LOW HITPOINT WARNING * * *
It was a potion of enlightenment.
You feel very buoyant.
You fly up into the air.
* * * LOW HITPOINT WARNING * * *
You feel sick. The kobold barely misses you.
It was a potion of degeneration.
There was something very wrong with that liquid.
You feel weakened.
You feel dopey.
You feel clumsy.
* * * LOW HITPOINT WARNING * * *
You feel sick.
The endoplasm jiggles.
The endoplasm hits you but does no damage.
The kobold hits you but does no damage.
Okay, then.
Unknown command.
Okay, then.
You aren't carrying any items that you can evoke.
Unknown command.
As you read the scroll labelled ARUEDEO FALY, it crumbles to dust.
The creatures around you are filled with an inner flame!
It was a scroll of immolation.
* * * LOW HITPOINT WARNING * * *
You feel sick. The kobold hits you with a +0 club.
You die...

#...#........
...........
.........
.......# #.
......# #.
#.....#### #..
#.KJ......
#...#.@.......
#...#.?.......
#.........####
#.........#
##........#
#.........##
#.#.......####
#.##.........#
.........##.#


You could see an endoplasm (inner flame) and a kobold (inner flame).

Vanquished Creatures
  A dart slug (D:1)
  An endoplasm (D:1)
  A goblin (D:1)
  A ball python (D:1)
  A frilled lizard (D:1)
  5 kobolds (D:1)
  2 rats (D:1)
12 creatures vanquished.

Notes
Turn   | Place    | Note
-------+----------+-------------------------------------------
     0 | D:1      | edsrzf the Oni Hexslinger began the quest for the Orb.
     0 | D:1      | Reached XP level 1. HP: 19/19 MP: 2/2
    63 | D:1      | Reached skill level 1 in Fire Magic
   251 | D:1      | Reached skill level 2 in Dodging
   421 | D:1      | Reached skill level 2 in Fighting
   421 | D:1      | Reached XP level 2. HP: 28/28 MP: 3/3
   694 | D:2      | Identified 2 potions of enlightenment
   695 | D:2      | Identified 2 potions of degeneration
   695 | D:2      | HP: 1/28 [poisoned by a kobold]
   696 | D:2      | Identified a scroll of immolation
   696 | D:2      | Slain by a kobold

Illustrated notes

Levels and vault maps discovered:
D:1:      mrwooster_arrival_statue_3, layout_loops_cross
D:2:      layout_basic, shapermc_ecumenical_altar_venn, hangedman_decor_points,
          uniq_jessica

Skill      XL: |  1 |
---------------+----+-----
Fire Magic     | 1 |  1.0
Dodging        | 2 |  2.1
Fighting       | 2 |  2.0
Maces & Flails | |  0.6
Ranged Weapons | |  1.4
Spellcasting   | |  1.3
Hexes          | |  2.7

Action                     || total
---------------------------++-------
  Melee: Club              ||     6
   Fire: Sling             ||    26
    Use: Potion            ||     2
         Scroll            ||     1
 Armour: Robe              ||    13
  Dodge: Dodged            ||     7
